 Dungeon Crawl Stone Soup version 0.21.0-25-ge575cb9 (webtiles) character file.

88 Mirai the Conjurer (level 4, -6/24 HPs)
             Began as a Deep Elf Conjurer on Jan 24, 2018.
             Mangled by RollingDesktops's ghost (11 damage)
             ... on level 3 of the Dungeon on Jan 25, 2018.
             The game lasted 00:16:08 (2032 turns).

Mirai the Conjurer (Deep Elf Conjurer)              Turns: 2032, Time: 00:16:09

Health: -6/24      AC:  3    Str:  5    XL:     4   Next: 30%
Magic:  0/11       EV: 13    Int: 21    God:
Gold:   113        SH:  0    Dex: 15    Spells: 7/10 levels left

rFire    . . .     SeeInvis .   g - +0 short sword
rCold    . . .     Gourm    .   (no shield)
rNeg     . . .     Faith    .   a - +0 robe
rPois    .         Spirit   .   (no helmet)
rElec    .         Reflect  .   (no cloak)
rCorr    .         Harm     .   l - +0 pair of gloves
MR       .....                  (no boots)
Stlth    ++........             (no amulet)
HPRegen  0.08/turn              (no ring)
MPRegen  0.12/turn              (no ring)

@: no status effects
A: no striking features
a: no special abilities


You were on level 3 of the Dungeon.
You were not hungry.

You visited 1 branch of the dungeon, and saw 3 of its levels.

You collected 113 gold pieces.

Inventory:

Hand Weapons
 g - a +0 short sword (weapon)
 h - a +0 hand axe
 j - a +0 dagger
 n - a +0 short sword
 s - a +0 hand axe
 u - a +0 war axe
 A - a +0 short sword
Missiles
 f - 7 tomahawks (quivered)
Armour
 a - a +0 robe (worn)
 l - a +0 pair of gloves (worn)
 B - a +0 leather armour
Jewellery
 t - an uncursed ring of ice {unknown}
 w - an uncursed amulet of magic regeneration {unknown}
Wands
 y - a wand of iceblast (8)
Scrolls
 d - a scroll of teleportation
 i - 5 scrolls of identify {unknown}
 k - 2 scrolls of fear {unknown}
 q - 2 scrolls of remove curse {unknown}
 x - a scroll of enchant weapon {unknown}
 z - a scroll of immolation {unknown}
Potions
 e - a potion of mutation {unknown}
 m - a potion of haste {unknown}
 p - a potion of curing
 r - a potion of degeneration {unknown}
 v - 2 potions of ambrosia {unknown}
 C - a potion of lignification {unknown}
Books
 b - a book of Conjurations

   Spells                             Type                      Level
   a - Magic Dart                     Conjuration                  1
   b - Searing Ray                    Conjuration                  2
   c - Dazzling Spray                 Conjuration/Hexes            3
   d - Fulminant Prism                Conjuration/Hexes            4
   e - Force Lance                    Conjuration/Translocation    4
   f - Iskenderun's Mystic Blast      Conjuration                  4
Comestibles
 c - a ration
 o - 2 chunks of flesh


   Skills:
 + Level 0.1 Fighting
 + Level 0.2 Short Blades
 + Level 2.8 Dodging
 + Level 3.2 Stealth
 + Level 3.7 Spellcasting
 + Level 5.5 Conjurations


You had 7 spell levels left.
You knew the following spells:

 Your Spells              Type           Power        Failure   Level  Hunger
a - Magic Dart            Conj           ####         1%          1    None
b - Searing Ray           Conj           ####..       1%          2    ##.....


Dungeon Overview and Level Annotations

Branches:
Dungeon (3/15)

Altars:
Fedhas

Annotations:
D:2 exclusion: oklob plant
D:3 RollingDesktops's ghost, amateur GnCK


Message History

RollingDesktops's ghost is almost destroyed.
You finish channeling your searing ray.
RollingDesktops's ghost barely misses you.
A goblin comes into view. It is wielding a dagger.
Casting: Searing Ray
Confirm with . or Enter, or press ? or * to list all spells.
Aiming: Searing Ray
Press: ? - help, Shift-Dir - straight line, f/p - RollingDesktops's ghost
Aim: RollingDesktops's ghost (almost destroyed)
The searing ray hits RollingDesktops's ghost.
RollingDesktops's ghost is almost destroyed. (Press . to maintain the ray.) RollingDesktops's ghost hits you.
* * * LOW HITPOINT WARNING * * *
Without enough magic to sustain it, your searing ray dissipates.
RollingDesktops's ghost barely misses you.
RollingDesktops's ghost barely misses you.
RollingDesktops's ghost misses you. RollingDesktops's ghost hits you!
You die...

######
##########....#
............<.#
#####...g......#
.......@W.#....#
#####.###.....##
# #.....#
#.....#
.........
#?.....##.
.......#
##......
..#..###


You could see RollingDesktops's ghost and a goblin.

Vanquished Creatures
  A crimson imp (D:2)
  An adder (D:2)
  8 bats
  4 giant cockroaches
  6 goblins
  6 hobgoblins
  3 jackals (D:2)
  6 kobolds
  A quokka (D:2)
  A ball python (D:2)
  A frilled lizard (D:2)
  5 rats
43 creatures vanquished.

Vanquished Creatures (others)
  20 toadstools (D:2)
20 creatures vanquished.

Grand Total: 63 creatures vanquished

Notes
Turn   | Place    | Note
-------+----------+-------------------------------------------
     0 | D:1      | Mirai the Deep Elf Conjurer began the quest for the Orb.
     0 | D:1      | Reached XP level 1. HP: 10/10 MP: 6/6
   217 | D:1      | Reached XP level 2. HP: 15/15 MP: 5/8
   230 | D:1      | Learned a level 2 spell: Searing Ray
   585 | D:1      | Reached skill level 5 in Conjurations
  1027 | D:2      | Noticed a crimson imp
  1329 | D:2      | Killed a crimson imp
  1329 | D:2      | Reached XP level 3. HP: 18/19 MP: 0/10
  1496 | D:2      | Reached XP level 4. HP: 23/24 MP: 3/11
  1896 | D:2      | Found a blossoming altar of Fedhas.
  1911 | D:2      | Noticed an oklob plant
  2016 | D:3      | Noticed RollingDesktops's ghost (amateur GnCK)
  2032 | D:3      | Mangled by RollingDesktops's ghost

Skill      XL: |  1  2 |
---------------+-------+-----
Conjurations   | 5 |  5.5
Stealth        | 3 |  3.2
Fighting       | |  0.1
Short Blades   | |  0.2
Dodging        | |  2.8
Spellcasting   | |  3.7

Action                   |  1- 3 |  4- 6 || total
-------------------------+-------+-------++-------
Melee: Short sword       |    35 |    11 ||    46
 Cast: Magic Dart        |    52 |    13 ||    65
       Searing Ray       |    14 |     5 ||    19
  Use: Scroll            |       |     1 ||     1
  Eat: Chunk             |     1 |     3 ||     4
Armor: Robe              |    16 |     4 ||    20
Dodge: Dodged            |    32 |    27 ||    59
